 Dungeon Crawl Stone Soup version 0.21.1-1-g345015fe64 (webtiles) character file.

46 IceCat the Firebug (level 3, -3/19 HPs)
             Began as a Gargoyle Fire Elementalist on July 23, 2018.
             Was an Initiate of Qazlal.
             Slain by Sephro's ghost (7 damage)
             ... on level 3 of the Dungeon.
             The game lasted 00:14:06 (1603 turns).

IceCat the Firebug (Gargoyle Fire Elementalist)     Turns: 1603, Time: 00:14:06

Health: -3/19      AC:  5    Str: 11    XL:     3   Next: 68%
Magic:  5/15       EV: 12    Int: 16    God:    Qazlal [......]
Gold:   185        SH:  0    Dex: 10    Spells: 3/6 levels left

rFire    . . .     SeeInvis .   i - +0 short sword
rCold    . . .     Gourm    .   (no shield)
rNeg     + . .     Faith    .   a - +0 robe
rPois    ∞         Spirit   .   (no helmet)
rElec    +         Reflect  .   (no cloak)
rCorr    .         Harm     .   (no gloves)
MR       .....                  (no boots)
Stlth    ++........             (no amulet)
HPRegen  0.06/turn              j - ring of magical power
MPRegen  0.14/turn              (no ring)

@: very slightly contaminated
A: negative energy resistance 1, electricity resistance, unbreathing,
petrification resistance, rot immunity, AC +3
a: Renounce Religion


You were on level 3 of the Dungeon.
You worshipped Qazlal.
Qazlal was noncommittal.
You were not hungry.

You visited 1 branch of the dungeon, and saw 3 of its levels.

You collected 185 gold pieces.

Inventory:

Hand Weapons
 i - a +0 short sword (weapon)
 m - a +2 short sword of distortion
Armour
 a - a +0 robe (worn)
Jewellery
 j - a ring of magical power (left hand)
 q - an uncursed ring of stealth {unknown}
Wands
 t - a wand of clouds (5)
Scrolls
 d - 2 scrolls of identify
 e - 3 scrolls of remove curse
 f - 2 scrolls of immolation {unknown}
 k - a scroll of random uselessness {unknown}
 l - a scroll of magic mapping {unknown}
 p - a scroll of teleportation {unknown}
Potions
 g - a potion of curing {unknown}
 h - a potion of heal wounds {unknown}
 n - a potion of agility {unknown}
 o - a potion of haste {unknown}
 s - 2 potions of lignification {unknown}
Books
 b - a book of Flames

   Spells                             Type                      Level
   a - Flame Tongue                   Conjuration/Fire             1
   b - Throw Flame                    Conjuration/Fire             2
   c - Conjure Flame                  Conjuration/Fire             3
   d - Inner Flame                    Hexes/Fire                   3
   e - Sticky Flame                   Conjuration/Fire             4
   f - Fireball                       Conjuration/Fire             5
Comestibles
 c - 6 rations


   Skills:
 + Level 1.7 Dodging
 + Level 2.5 Stealth
 + Level 2.4 Spellcasting
 + Level 1.5 Conjurations
 + Level 3.8 Fire Magic


You had 3 spell levels left.
You knew the following spells:

 Your Spells              Type           Power        Failure   Level  Hunger
a - Flame Tongue          Conj/Fire      ##...        7%          1    #......
b - Throw Flame           Conj/Fire      ##....       10%         2    ###....


Dungeon Overview and Level Annotations

Branches:
Dungeon (3/15)

Altars:
Fedhas
Qazlal

Annotations:
D:3 Sephro's ghost, weakling DsAK


Innate Abilities, Weirdness & Mutations

You are resistant to torment.
Your stone body is resilient. (AC +3)
You are immune to poison.
You resist negative energy. (rN+)
You are resistant to electric shocks. (rElec)
You can survive without breathing.
You are immune to petrification.
You are immune to rotting.


Message History

Sephro's ghost screams, "You will join me soon!"
Sephro's ghost hits you but does no damage.
Casting: Flame Tongue
Confirm with . or Enter, or press ? or * to list all spells.
Aiming: Flame Tongue
Press: ? - help, Shift-Dir - straight line, f/p - Sephro's ghost
Aim: Sephro's ghost (moderately damaged)
The flame tongue hits Sephro's ghost.
Sephro's ghost appears unharmed.
Sephro's ghost is moderately damaged.
Sephro's ghost barely misses you.
Casting: Flame Tongue
Confirm with . or Enter, or press ? or * to list all spells.
Aiming: Throw Flame
Press: ? - help, Shift-Dir - straight line, f/p - Sephro's ghost
Aim: Sephro's ghost (moderately damaged)
The puff of flame misses Sephro's ghost.
Sephro's ghost hits you.
* * * LOW HITPOINT WARNING * * *
Sephro's ghost hits you!
You die...

#.......#.# #.......#.#
#.......#.#
#.......#.##### .#
#.......#.....# # .#
#.......#.....##. #.#
#####...........(. ...#
......####.....###.#..#
##########.....'@W....####
.............####.......
...######....†...)......
#....#####...... #....#
....) #....# .... #....#
... ###### .. .


You could see Sephro's ghost.

Vanquished Creatures
  A worm (D:2)
  A dart slug (D:1)
  2 leopard geckos
  A giant cockroach (D:1)
  6 goblins
  3 hobgoblins (D:1)
  4 kobolds
  A quokka (D:3)
  6 bats
  6 frilled lizards
  8 rats
39 creatures vanquished.

Notes
Turn   | Place    | Note
-------+----------+-------------------------------------------
     0 | D:1      | IceCat the Gargoyle Fire Elementalist began the quest for the Orb.
     0 | D:1      | Reached XP level 1. HP: 10/10 MP: 3/3
   158 | D:1      | Reached XP level 2. HP: 14/15 MP: 3/5
   244 | D:1      | Learned a level 2 spell: Throw Flame
   488 | D:1      | Reached XP level 3. HP: 19/19 MP: 6/6
   959 | D:2      | Found a stormy altar of Qazlal.
   966 | D:2      | Found a blossoming altar of Fedhas.
   981 | D:2      | Became a worshipper of Qazlal Stormbringer
  1476 | D:3      | Noticed Sephro's ghost (weakling DsAK)
  1603 | D:3      | Slain by Sephro's ghost

Action                   || total
-------------------------++-------
Melee: Unarmed           ||     6
       Short sword       ||     4
 Cast: Flame Tongue      ||    40
       Throw Flame       ||    35
  Use: Scroll            ||     3
  Eat: Chunk             ||     5
Armor: Robe              ||    16
Dodge: Dodged            ||    15
